 Dungeon Crawl Stone Soup version 0.20.1-1-g8b1a95d (webtiles) character file.

2341 vishdafish the Fortune-Teller (level 9, -5/68 HPs)
             Began as a Demonspawn Fighter on July 3, 2017.
             Was a Believer of Nemelex Xobeh.
             Killed from afar by an electric eel (11 damage)
             ... with a bolt of electricity
             ... on level 7 of the Dungeon.
             The game lasted 00:11:26 (7385 turns).

vishdafish the Fortune-Teller (Demonspawn Fighter)  Turns: 7385, Time: 00:11:27

Health: -5/68      AC: 11    Str: 20    XL:     9   Next: 20%
Magic:  14/14      EV:  8    Int:  9    God:    Nemelex Xobeh [**....]
Gold:   464        SH: 10    Dex: 13    Spells: 8/8 levels left

rFire    . . .     SeeInvis .   a - +0 trident
rCold    . . .     Gourm    .   c - +0 shield
rNeg     . . .     Faith    .   b - +0 scale mail
rPois    .         Spirit   .   (helmet restricted)
rElec    .         Reflect  .   j - +0 cloak
rCorr    .         Harm     .   (no gloves)
MR       .....                  (no boots)
Stlth    ..........             (no amulet)
Regen    0.3/turn               (no ring)
MPRegen  0.2/turn               (no ring)

@: no status effects
A: horns 1, slimy green scales 2
a: Renounce Religion


You were on level 7 of the Dungeon.
You worshipped Nemelex Xobeh.
Nemelex Xobeh was pleased with you.
You were not hungry.

You visited 1 branch of the dungeon, and saw 7 of its levels.
You also visited: Sewer.

You collected 464 gold pieces.

Inventory:

Hand Weapons
 a - a +0 trident (weapon)
Armour
 b - a +0 scale mail (worn)
 c - a +0 shield (worn)
 j - a +0 cloak (worn)
Jewellery
 I - an uncursed ring of resist corrosion {unknown}
Wands
 s - a wand of paralysis (13/24)
 u - a wand of polymorph (12/24)
 J - a wand of flame (19/48)
Scrolls
 e - 3 scrolls of remove curse
 g - a scroll of enchant armour {unknown}
 l - a scroll of immolation {unknown}
 n - a scroll of recharging {unknown}
 t - 3 scrolls of teleportation {unknown}
 x - 2 scrolls of magic mapping {unknown}
 y - a scroll of fear {unknown}
 A - 2 scrolls of amnesia {unknown}
 C - 2 scrolls of fog {unknown}
 E - 2 scrolls of blinking {unknown}
 F - a scroll of noise {unknown}
 G - a scroll of enchant weapon {unknown}
Potions
 d - a potion of ambrosia
 h - a potion of mutation
 i - a potion of invisibility
 k - 3 potions of brilliance {unknown}
 o - 3 potions of resistance
 p - 3 potions of heal wounds
 v - 6 potions of curing
 w - 3 potions of flight {unknown}
 z - 4 potions of agility {unknown}
 B - 2 potions of degeneration {unknown}
Miscellaneous
 r - a plain deck of destruction
 D - a plain deck of summoning {drawn: 1}
 H - an ornate deck of destruction {drawn: 1}
Comestibles
 f - 6 bread rations
 m - 4 fruits
 q - 5 royal jellies


   Skills:
 + Level 5.4 Fighting
 * Level 6.5 Polearms
 + Level 4.8 Armour
 - Level 1.3 Dodging
 + Level 5.6 Shields
 * Level 7.1 Invocations


You had 8 spell levels left.
You didn't know any spells.

Dungeon Overview and Level Annotations

Branches:
Dungeon (7/15)             Temple (0/1) D:4

Altars:
Ashenzari
Fedhas
Gozag
Nemelex Xobeh
Okawaru
Sif Muna
Uskayaw
Vehumet
Yredelemnul

Shops:
D:6 :


Innate Abilities, Weirdness & Mutations

You have a pair of small horns on your head.
You are mostly covered in slimy green scales. (AC +3)


Message History

The electric eel shoots out a bolt of lightning at you!
The bolt of electricity hits you!
* * * LOW HITPOINT WARNING * * *
Evoke which item? (* to show all) (? for menu, Esc to quit)
You draw a card...
It is the Storm.
A fierce wind blows from the card.
The electric eels and the ice beast are blown away by the wind.
The dart slug violently stops moving!
You kill the dart slug!
You hear a shout!
The electric eel shoots out a bolt of lightning at you!
The bolt of electricity hits your air elemental.
Your air elemental completely resists.
The bolt of electricity hits you!
Lightning arcs down from a storm cloud! x3
An electric eel comes into view.
The electric eel shoots out a bolt of lightning at you!
The bolt of electricity hits your air elemental.
Your air elemental completely resists.
The bolt of electricity hits you!
You die...
Your body disappears without a glow.

# ≈8.(≈≈≈o≈;≈ ≈≈
≈?#≈≈≈≈≈≈ ≈≈;
.≈≈≈≈≈≈## #≈8≈
§;§#§§§# ≈#≈.§
§§§§§# .#
≈≈≈≈§E#§§§# .#
#w;§§≈.## .#
#Y§§§...###.######
....§##..@§§§.......
#....§§§§§§§#.......
..#########§§..<....
# #§§.......
#<#.......
#.#.......
..#.......
#.######### #.


You could see an ice beast, 3 electric eels, a dart slug and a friendly air
elemental.

Vanquished Creatures
  The ghost of TheGamingCockatoo the Cleaver, a novice HOMo of Ru (D:5)
  Prince Ribbit (D:5)
  Sigmund (D:5)
  2 sky beasts (D:5)
  An ice beast (D:5)
  An ogre (D:5)
  3 big kobolds (Sewer)
  A scorpion (D:4)
  2 crimson imps (D:5)
  The ghost of Zachthehappycat the Sneak, a weakling SpEn (D:3)
  6 hounds
  A jelly (D:5)
  4 orc priests
  An iguana (D:6)
  4 orc wizards
  2 worker ants
  Robin (D:3)
  A worker ant zombie (D:4)
  4 gnolls
  18 adders
  4 river rats
  An ooze (D:5)
  3 worms
  5 dart slugs
  4 leopard geckos
  27 orcs
  7 giant cockroaches
  20 goblins
  15 hobgoblins
  15 jackals
  23 kobolds
  2 quokkas
  8 ball pythons
  7 bats
  5 frilled lizards
  A leopard gecko zombie (D:4)
  37 rats
240 creatures vanquished.

Vanquished Creatures (others)
  A dart slug (D:7)
1 creature vanquished.

Grand Total: 241 creatures vanquished

Notes
Turn   | Place    | Note
-------+----------+-------------------------------------------
     0 | D:1      | vishdafish the Demonspawn Fighter began the quest for the Orb.
     0 | D:1      | Reached XP level 1. HP: 18/18 MP: 1/1
   176 | D:1      | Gained mutation: You are partially covered in slimy green scales. (AC +2) [demonic ancestry]
   176 | D:1      | Reached XP level 2. HP: 23/24 MP: 2/2
   557 | D:1      | Reached XP level 3. HP: 23/29 MP: 3/3
  1186 | D:2      | Found a sparkling altar of Nemelex Xobeh.
  1327 | D:2      | Became a worshipper of Nemelex Xobeh the Trickster
  1363 | D:2      | Found a faded altar of an unknown god.
  1388 | D:2      | Reached XP level 4. HP: 20/35 MP: 4/4
  1451 | D:2      | Received a gift from Nemelex Xobeh
  2008 | D:3      | Found a glowing drain.
  2018 | Sewer    | Entered a sewer
  2149 | Sewer    | Reached XP level 5. HP: 18/41 MP: 5/5
  2402 | Sewer    | Reached skill level 1 in Dodging
  3193 | Sewer    | Gained mutation: You have a pair of small horns on your head. [demonic ancestry]
  3193 | Sewer    | Reached XP level 6. HP: 20/47 MP: 6/6
  3674 | D:3      | Noticed Zachthehappycat's ghost (weakling SpEn)
  3694 | D:3      | Killed Zachthehappycat's ghost
  3694 | D:3      | Reached skill level 1 in Invocations
  3731 | D:3      | Reached * piety under Nemelex Xobeh
  3868 | D:3      | Noticed Robin
  3927 | D:3      | Killed Robin
  4218 | D:3      | Found a hide-covered altar of Uskayaw.
  4259 | D:3      | Reached XP level 7. HP: 44/53 MP: 8/8
  4606 | D:3      | Received a gift from Nemelex Xobeh
  4940 | D:4      | Reached skill level 2 in Invocations
  5110 | D:4      | Found an iron altar of Okawaru.
  5261 | D:4      | Found a staircase to the Ecumenical Temple.
  5289 | D:4      | Found a basalt altar of Yredelemnul.
  5376 | D:4      | Reached skill level 3 in Invocations
  5731 | D:4      | Found an opulent altar of Gozag.
  5796 | D:4      | Reached skill level 5 in Polearms
  6084 | D:5      | Entered Level 5 of the Dungeon
  6116 | D:5      | Reached skill level 5 in Shields
  6116 | D:5      | Reached skill level 4 in Invocations
  6116 | D:5      | Gained mutation: You are mostly covered in slimy green scales. (AC +3) [demonic ancestry]
  6116 | D:5      | Reached XP level 8. HP: 53/61 MP: 9/11
  6364 | D:5      | Noticed Sigmund
  6365 | D:5      | Noticed TheGamingCockatoo's ghost (novice HOMo)
  6379 | D:5      | Killed Sigmund
  6379 | D:5      | Reached skill level 5 in Invocations
  6392 | D:5      | Killed TheGamingCockatoo's ghost
  6392 | D:5      | Reached skill level 6 in Invocations
  6497 | D:5      | Reached skill level 5 in Fighting
  6638 | D:5      | Reached ** piety under Nemelex Xobeh
  6651 | D:5      | Received a gift from Nemelex Xobeh
  6651 | D:5      | Noticed Prince Ribbit
  6672 | D:5      | Killed Prince Ribbit
  6677 | D:5      | Reached XP level 9. HP: 63/68 MP: 13/13
  6760 | D:5      | Found a shattered altar of Ashenzari.
  6764 | D:5      | Saw a vision of the Shoals and the Spider Nest.
  6764 | D:5      | Noticed a sea snake
  6764 | D:5      | Noticed a sea snake
  6764 | D:5      | Noticed a wolf spider
  7052 | D:6      | Found a blossoming altar of Fedhas.
  7053 | D:6      | Found a deep blue altar of Sif Muna.
  7147 | D:6      | Reached skill level 7 in Invocations
  7197 | D:6      | Found Biowydie's Book Boutique.
  7227 | D:6      | Found a radiant altar of Vehumet.
  7314 | D:6      | Received a gift from Nemelex Xobeh
  7385 | D:7      | Killed from afar by an electric eel

Skill      XL: |  1  2  3  4  5  6  7  8  9 |
---------------+----------------------------+-----
Shields        | 3 4 5 |  5.6
Armour         | 3 4 |  4.8
Polearms       | 2 3 4 5 6 |  6.5
Dodging        | 1 |  1.3
Invocations    | 1 4 6 7 |  7.1
Fighting       | 4 5 |  5.4

Action                   |  1- 3 |  4- 6 |  7- 9 || total
-------------------------+-------+-------+-------++-------
Melee: Trident           |   168 |   432 |   435 ||  1035
       Headbutt          |       |    24 |    62 ||    86
Evoke: Deck              |       |       |     2 ||     2
  Use: Potion            |       |     7 |     1 ||     8
       Scroll            |       |     3 |     4 ||     7
  Eat: Chunk             |     1 |     6 |    12 ||    19
       Bread ration      |       |     1 |       ||     1
Armor: Scale mail        |    92 |   245 |   160 ||   497
Dodge: Dodged            |    53 |   161 |   104 ||   318
Block: Shield            |    86 |   259 |   196 ||   541
